 Dungeon Crawl Stone Soup version 0.30.0-5-g1a98f26d00 (webtiles) character file.

Game seed: 6507558724327676675

3551 browni3141 the Frost Mage (level 10, -1/76 HPs)
             Began as a Formicid Ice Elementalist on May 12, 2023.
             Slain by a bullfrog (6 damage)
             ... on level 8 of the Dungeon.
             The game lasted 00:19:39 (10366 turns).

browni3141 the Frost Mage (FoIE)                   Turns: 10366, Time: 00:19:39

Health: -1/76      AC:  3    Str: 13    XL:     10   Next: 30%
Magic:  0/23       EV: 14    Int: 15    God:
Gold:   411        SH:  0    Dex: 18    Spells: 4/15 levels left

rFire   + . .        P - +5 dagger "Egg" {holy, rF+}
rCold   . . .        (no shield)
rNeg    . . .        a - +0 robe
rPois   .            (helmet unavailable)
rElec   .            (no cloak)
rCorr   .            K - +0 pair of gloves
SInv    +            (no boots)
Will    +....        (no amulet)
Stlth   +++          Z - ring of magical power
HPRegen 0.32/turn    (no ring)
MPRegen 0.18/turn

%: no passive effects
@: very slightly contaminated
A: permanent stasis, dig shafts and tunnels, antennae 3, four strong arms
a: Dig, Shaft Self


You were on level 8 of the Dungeon.
You visited 3 branches of the dungeon, and saw 10 of its levels.
You also visited: Ossuary.

You collected 411 gold pieces.

Inventory:

Hand Weapons
 P - the +5 dagger "Egg" (weapon) {holy, rF+}
   (You found it on level 4 of the Dungeon)

   rF:        It protects you from fire.
 W - a +0 mace
Missiles
 E - a curare-tipped dart
 H - 3 javelins
 J - 8 poisoned darts
 T - 2 boomerangs
Armour
 a - a +0 robe (worn)
 A - a +0 cloak
 K - a +0 pair of gloves (worn)
Magical Staves
 r - a staff of earth
Jewellery
 D - an amulet of the acrobat
 F - a ring of fire
 I - a ring of positive energy
 Z - a ring of magical power (left hand)
Wands
 L - a wand of mindburst (14)
 V - a wand of flame (22)
Scrolls
 n - 3 scrolls of blinking {unknown}
 p - a scroll of acquirement {unknown}
 q - 8 scrolls of identify {unknown}
 t - a scroll of amnesia {unknown}
 u - 4 scrolls of enchant armour {unknown}
 v - a scroll of enchant weapon {unknown}
 w - a scroll of vulnerability {unknown}
 x - 10 scrolls of teleportation {unknown}
 G - a scroll of magic mapping {unknown}
 N - 7 scrolls of noise
 O - a scroll of fear {unknown}
 Q - a scroll of summoning {unknown}
 X - 3 scrolls of immolation {unknown}
Potions
 m - a potion of magic
 o - 6 potions of lignification {unknown}
 s - 4 potions of brilliance {unknown}
 B - 2 potions of attraction {unknown}
 M - 2 potions of haste {unknown}
 R - 2 potions of cancellation {unknown}
 S - 3 potions of flight {unknown}
 U - 2 potions of heal wounds {unknown}
 Y - 2 potions of mutation


   Skills:
 - Level 6.0 Fighting
 - Level 5.0(6.1) Short Blades
 * Level 5.3(6.3) Long Blades
 - Level 2.0 Armour
 - Level 5.0 Dodging
 - Level 6.0 Stealth
 - Level 3.0 Spellcasting
 - Level 3.0 Summonings
 - Level 8.0 Ice Magic


You had 4 spell levels left.
You knew the following spells:

 Your Spells              Type           Power      Damage    Failure   Level
b - Summon Ice Beast      Ice/Summ       18%        N/A       21%         4
o - Ozocubu's Armour      Ice            26%        N/A       2%          3
r - Frozen Ramparts       Ice            52%        1d8       2%          3
z - Freeze                Ice            100%       1d10      1%          1

Your spell library contained the following spells:

 Spells                   Type           Power      Damage    Failure   Level
 Call Canine Familiar     Summ           11%        N/A       17%         3
 Beastly Appendage        Tmut           4%         N/A       21%         1
 Cigotuvi's Dreadful Rot  Necr/Pois/Air  4%         N/A       30%         2
 Wereblood                Tmut           2%         N/A       30%         2
 Portal Projectile        Hex/Tloc       4%         N/A       52%         3
 Spider Form              Tmut/Pois      2%         N/A       52%         3
 Tukima's Dance           Hex            2%         N/A       52%         3
 Dispel Undead            Necr           2%         3d7       89%         4
 Leda's Liquefaction      Hex/Erth       1%         N/A       89%         4
 Blade Hands              Tmut           1%         N/A       99%         5
 Conjure Ball Lightning   Conj/Air       1%         3x3d6     100%        6
 Death Channel            Necr           1%         N/A       100%        6
 Discord                  Hex            1%         N/A       100%        8
 Disjunction              Tloc           1%         N/A       100%        8


Dungeon Overview and Level Annotations

Branches:
Dungeon (8/15)             Temple (1/1) D:6            Lair (1/5) D:8
Ossuary (visited)

Altars:
Cheibriados
Elyvilon
Fedhas
Hepliaklqana
Nemelex Xobeh
Okawaru
Qazlal
Sif Muna
Uskayaw
Vehumet
Wu Jian
Yredelemnul
Zin
The Shining One

Shops:
D:2 =

Annotations:
D:8 1 runed translucent door


Innate Abilities, Weirdness & Mutations

You cannot be hasted, slowed, berserked, paralysed or teleported.
You can dig through walls and to a lower floor.
You have a pair of large antennae on your head. (SInv)
Your four strong arms can wield two-handed weapons with a shield.


Message History

[a crystal wall.]
Okay, then.
Aiming: Throw Flame
Press: ? - help, Shift-Dir - straight line, f/p - orc wizard
Aim: an orc wizard, wielding a +0 dagger and wearing a +0 robe (heavily wounded, 60% to hit)
The orc priest invokes the aid of Beogh against you.
Beogh smites you!
You hear a splash. x2
You feel a bit more experienced.
Aiming: Throw Flame
Press: ? - help, Shift-Dir - straight line, f - orc priest
Aim: an orc priest, wielding a +0 club and wearing a +0 ring mail (steam, severely wounded, 72% to hit)
You hear a splash. x2
You feel a bit more experienced.
HP restored.
J - 8 poisoned darts (gained 2)
You enter the shallow water.
Moving in this stuff is going to be slow.
q - 8 scrolls labelled MALOCI JIME (gained 1)
You enter the shallow water.
Moving in this stuff is going to be slow.
A - a +0 cloak You now have 411 gold pieces (gained 11).
Found a runed translucent gate.
The troll shouts!
You hear a loud, deep croak!
Casting: Summon Ice Beast (dangerous; 21% risk of failure)
Confirm with . or Enter, or press ? or * to list all spells.
Casting: Frozen Ramparts (mildly dangerous; 2% risk of failure)
Press: ? - help, Dir - look around, f - activate The walls around you are covered in ice.
Casting: Frozen Ramparts (mildly dangerous; 2% risk of failure)
Confirm with . or Enter, or press ? or * to list all spells.
You miscast Ozocubu's Armour.
You are very lightly contaminated with residual magic.
Nothing appears to happen.
A bullfrog comes into view.
The wall freezes the troll.
Casting: Ozocubu's Armour (mildly dangerous; 2% risk of failure)
Confirm with . or Enter, or press ? or * to list all spells.
You miscast Summon Ice Beast.
Distant voices call out in your mind.
A nameless horror comes into view.
The wall freezes the troll but does no damage.
The troll bites you! The troll barely misses you. The troll misses you.
Aiming: Mindburst
Press: ? - help, Shift-Dir - straight line, f - troll
Aim: a troll (lightly wounded, chance to affect: 64%)
The troll's mind is blasted!
The wall freezes the troll but does no damage.
The troll closely misses you. The troll misses you. The troll claws you.
The wall freezes the nameless horror but does no damage.
The nameless horror barely misses you.
Aiming: Mindburst
Press: ? - help, Shift-Dir - straight line, f/p - troll
Aim: a troll (moderately wounded, chance to affect: 64%)
The troll's mind is blasted!!
The wall freezes the troll.
The troll bites you. The troll claws you. The troll claws you!
The wall freezes the nameless horror!
The nameless horror hits you.
You feel your power leaking away.
Aiming: Freeze (safe; 1% risk of failure)
Press: ? - help, Q - select action, (/) - cycle Shift-Dir - straight line, f/p - troll
Aim: a troll (almost dead)
You freeze the troll!
You kill the troll!
The wall freezes the bullfrog but does no damage.
The wall freezes the bullfrog.
The bullfrog hits you.
The wall freezes the nameless horror.
The nameless horror closely misses you.
Your base Long Blades skill increases to level 5!
Aiming: Freeze (safe; 1% risk of failure)
Press: ? - help, Q - select action, (/) - cycle Shift-Dir - straight line, f - nameless horror
Aim: a nameless horror (moderately damaged, durably summoned)
You freeze the nameless horror.
The nameless horror is heavily damaged.
The wall freezes the bullfrog.
The bullfrog seems to slow down.
The bullfrog hits you.
The wall freezes the nameless horror.
The nameless horror hits you!
* * * LOW HITPOINT WARNING * * *
You feel your power leaking away.
Aiming: Freeze (safe; 1% risk of failure)
Press: ? - help, Q - select action, (/) - cycle Shift-Dir - straight line, f/p - nameless horror
Aim: a nameless horror (heavily damaged, durably summoned)
You freeze the nameless horror!
The nameless horror is severely damaged.
The wall freezes the bullfrog.
The bullfrog seems to slow down.
The bullfrog completely misses you.
The wall freezes the nameless horror but does no damage.
The nameless horror hits you!
* * * LOW HITPOINT WARNING * * *
You feel your power leaking away.
You don't have enough magic to cast this spell.
You don't have enough magic to cast this spell.
Unknown command.
You feel better.
The frozen ramparts melt away.
The bullfrog hits you.
* * * LOW HITPOINT WARNING * * *
The nameless horror hits you!
* * * LOW HITPOINT WARNING * * *
You feel better. The bullfrog hits you!
* * * LOW HITPOINT WARNING * * *
The nameless horror closely misses you. The bullfrog attacks as you move away!
The bullfrog hits you.
You die...

#.. #......... ... .
... ##........ .. .#
..####........# .. ..#
..#..........###
.##....
...............##...
...
................#.##..#
............###.......#
~.≈~..~.....###.X.....#
~.≈≈~.~......#..@##..##
~.≈≈≈~~~..#######F#
.... ~.~≈≈~....# ...
... ~.~~~.....# .......
~.~~.~~...# ...^##+
..~.~~≈...# ...##$.
~..~~~≈~..## ...# $
~..~≈≈~≈)... ...#
.†..≈≈≈≈~...


You could see a nameless horror and a bullfrog (slow).

Vanquished Creatures
  A troll (D:8)
  A steam dragon (D:8)
  3 water moccasins
  3 sky beasts
  An orc warrior (D:8)
  An ice beast (D:5)
  A black bear (D:6)
  A centaur (D:8)
  2 ogres (D:5)
  4 wolves
  A phantom (D:4)
  A kobold brigand (D:7)
  A bullfrog (D:7)
  5 scorpions
  4 wights (D:7)
  2 electric eels (D:8)
  2 human zombies (Ossuary)
  2 jellies
  4 hounds
  3 orc priests
  A sleepcap (D:6)
  Jessica (D:3)
  5 iguanas
  Natasha (twice) (D:4)
  5 orc wizards
  Ijyb (D:3)
  5 mummies
  4 adders
  3 gnolls (D:4)
  A shadow imp (D:8)
  2 ufetubi
  A worm (D:2)
  3 dart slugs
  15 orcs
  4 endoplasms
  2 giant cockroaches
  4 goblins
  12 hobgoblins
  3 jackals (D:4)
  10 kobolds
  4 quokkas
  8 ball pythons
  3 frilled lizards
  2 gnoll zombies (Ossuary)
  A goblin zombie (Ossuary)
  A hobgoblin zombie (Ossuary)
  A kobold zombie (Ossuary)
  An orc zombie (Ossuary)
  4 rats
152 creatures vanquished.

Vanquished Creatures (collateral kills)
  A hound (D:8)
  2 orcs (D:8)
3 creatures vanquished.

Grand Total: 155 creatures vanquished

Notes
Turn   | Place    | Note
-------+----------+-------------------------------------------
     0 | D:1      | browni3141 the Formicid Ice Elementalist began the quest
                  | for the Orb.
     0 | D:1      | Reached XP level 1. HP: 13/13 MP: 3/3
   473 | D:1      | Reached XP level 2. HP: 21/21 MP: 3/5
   889 | D:2      | Reached skill level 3 in Stealth
   970 | D:2      | Found Muawuaju's Jewellery Shoppe.
  1105 | D:2      | Reached XP level 3. HP: 25/26 MP: 1/7
  1216 | D:1      | Learned a level 3 spell: Frozen Ramparts
  1220 | D:1      | Learned a level 3 spell: Ozocubu's Armour
  1248 | D:2      | Reached skill level 3 in Spellcasting
  2105 | D:3      | Noticed Jessica
  2133 | D:3      | Reached XP level 4. HP: 29/32 MP: 5/8
  2206 | D:3      | Found a faded altar of an unknown god.
  2668 | D:3      | Noticed Ijyb
  2679 | D:3      | Killed Ijyb
  2680 | D:3      | Reached skill level 5 in Ice Magic
  2681 | D:3      | Reached XP level 5. HP: 20/37 MP: 9/9
  2970 | D:3      | Killed Jessica
  3112 | D:4      | Noticed Natasha
  3218 | D:4      | Reached skill level 6 in Ice Magic
  3418 | D:4      | Killed Natasha
  3419 | D:4      | Reached XP level 6. HP: 44/44 MP: 10/10
  3531 | D:4      | Identified the +5 dagger "Egg" {holy, rF+}
  3610 | D:4      | Reached skill level 3 in Fighting
  3893 | D:4      | Noticed Natasha
  3903 | D:4      | Killed Natasha
  4195 | D:4      | Reached XP level 7. HP: 52/52 MP: 11/11
  4347 | D:5      | Entered Level 5 of the Dungeon
  4380 | D:5      | Reached skill level 3 in Dodging
  4385 | D:5      | Learned a level 4 spell: Summon Ice Beast
  4467 | D:5      | Noticed a water moccasin
  4673 | D:5      | Reached XP level 8. HP: 41/58 MP: 12/12
  5374 | D:5      | Reached skill level 3 in Summonings
  5428 | D:5      | Reached skill level 7 in Ice Magic
  5575 | D:5      | Found an ornate altar of the Wu Jian Council.
  5611 | D:5      | Found a blossoming altar of Fedhas.
  5636 | D:5      | Reached skill level 8 in Ice Magic
  5655 | D:5      | Found a stormy altar of Qazlal.
  5895 | D:5      | Reached skill level 6 in Stealth
  5992 | D:5      | Found a glowing silver altar of Zin.
  6051 | D:6      | Reached XP level 9. HP: 47/64 MP: 13/13
  6075 | D:6      | Found a shimmering blue altar of Sif Muna.
  6157 | D:6      | Found a sand-covered staircase.
  6192 | Ossuary  | Entered an ossuary
  6686 | D:6      | Found a staircase to the Ecumenical Temple.
  6698 | Temple   | Entered the Ecumenical Temple
  6889 | D:6      | Found a sparkling altar of Nemelex Xobeh.
  8183 | D:7      | Found a radiant altar of Vehumet.
  8252 | D:7      | Found a glowing golden altar of the Shining One.
  9015 | D:8      | Reached skill level 3 in Short Blades
  9039 | D:8      | Noticed a troll
  9128 | D:8      | HP: 1/68 [orc priest/divine providence (11)]
  9470 | D:8      | Reached skill level 6 in Fighting
  9579 | D:8      | Reached XP level 10. HP: 61/76 MP: 14/14
  9987 | D:7      | Reached skill level 3 in Long Blades
 10076 | D:8      | Found a staircase to the Lair.
 10161 | Lair:1   | Entered Level 1 of the Lair of Beasts
 10353 | D:8      | Found a runed translucent gate.
 10358 | D:8      | Noticed a nameless horror
 10366 | D:8      | Slain by a bullfrog

Illustrated notes

Levels and vault maps discovered:
D:1:      minmay_arrival_glassed_features, layout_basic, minmay_splitting_lines
D:2:      layout_loops_ring, serial_shops, nicolae_square_shop,
          kennysheep_generic_room_13
D:3:      layout_basic, hellmonk_ecumenical_altar_inner_sanctum,
          minmay_door_square, uniq_jessica, uniq_ijyb
D:4:      layout_gridville, uniq_natasha
D:5:      layout_loops_ring, kennysheep_little_box, kennysheep_mini_moat,
          mainiacjoe_overflow_chevrons, mainiacjoe_overflow_24_doors
D:6:      layout_basic, mainiacjoe_overflow_boulevard, nemelex_altar_shiori,
          minmay_temple_entry_mist, serial_co_window_serial,
          co_window_of_opportunity_a, co_window_paths_a, co_window_paths_b,
          co_window_corner_a, co_window_corner_a, co_window_unsneaky_path_e,
          co_window_cross_4, co_window_broadway_a, co_window_of_opportunity_b,
          co_window_paths_c, co_window_of_opportunity_b, co_window_paths_e,
          gup_ossuary_entry_pyramid
D:7:      layout_layer_cave, tso_oasis_becter, nicolae_overflow_hidden_temple
D:8:      layout_cave_pools, mainiacjoe_overflow_alcove_2, erik_lair_island,
          ebering_ghost_gozag
Temple:   hellmonk_temple_two_chambers
Lair:1:   layout_cave_pods, beast_lair_carwin_8

Skill      XL: |  1  2  3  4  5  6  7  8  9 10 |
---------------+-------------------------------+-----
Fighting       | 1 2 3 6 |  6.0
Dodging        | 2 3 5 |  5.0
Stealth        | 3 4 5 6 |  6.0
Spellcasting   | 3 |  3.0
Ice Magic      | 5 6 8 |  8.0
Summonings     | 2 3 |  3.0
Armour         | 2 |  2.0
Short Blades   | 4 5 |  5.0
Long Blades    | 5 |  5.3

Action                     |  1- 3 |  4- 6 |  7- 9 | 10-12 || total
---------------------------+-------+-------+-------+-------++-------
  Melee: Unarmed           |     5 |       |       |       ||     5
         Mace              |       |    35 |       |       ||    35
         Dagger            |       |    25 |   213 |    47 ||   285
         Punch             |       |     1 |     1 |     2 ||     4
   Cast: Freeze            |    55 |    34 |    17 |    12 ||   118
         Frozen Ramparts   |     1 |    11 |    24 |     2 ||    38
         Ozocubu's Armour  |       |     5 |    19 |     5 ||    29
         Summon Ice Beast  |       |       |       |     4 ||     4
Ability: Dig               |       |       |     1 |     1 ||     2
  Evoke: Wand              |       |       |     4 |    12 ||    16
    Use: Potion            |       |       |     1 |     2 ||     3
   Stab: Sleeping          |       |       |    12 |       ||    12
         Distracted        |       |       |     1 |       ||     1
 Armour: Robe              |     2 |    13 |    43 |    10 ||    68
  Dodge: Dodged            |    15 |    56 |   147 |    74 ||   292
